 Dungeon Crawl Stone Soup version 0.26-a0-54-g15ccc7ae60 (webtiles) character file.

Game seed: 12459169399699852793

217580 Ozzies the Slayer (level 18, -5/280 HPs)
             Began as a Minotaur Fighter on June 7, 2020.
             Was the Champion of Trog.
             Slain by Polyphemus (19 damage)
             ... on level 1 of the Shoals.
             The game lasted 02:36:03 (41325 turns).

Ozzies the Slayer (Minotaur Fighter)               Turns: 41325, Time: 02:36:05

Health: -5/280     AC: 29    Str: 31    XL:     18   Next: 39%
Magic:  17/17      EV: 13    Int: 11    God:    Trog [******]
Gold:   1884       SH: 17    Dex: 12    Spells: 17/17 levels left

rFire    + + .     SeeInvis .   i - +7 broad axe (freeze)
rCold    + + .     Gourm    .   J - +2 shield of Resistance {rF+ rC+ MR+}
rNeg     + . .     Faith    .   a - +2 plate armour {rPois}
rPois    +         Spirit   .   g - +2 hat {MR+}
rElec    .         Reflect  .   N - scarf {rC+ rF+}
rCorr    .         Harm     .   c - +0 pair of gloves
MR       ++++.                  Y - +0 pair of boots
Stlth    ..........             D - amulet of regeneration
HPRegen  0.96/turn              S - +4 ring of protection
MPRegen  0.15/turn              E - ring of Uvvisawk {*Drain rN+ MR+ Str+4 Int+6}

@: berserking, starving, very quick
A: retaliatory headbutt, horns 2
}: 1/15 runes: serpentine
a: Berserk, Trog's Hand, Brothers in Arms, Renounce Religion


You were on level 1 of the Shoals.
You worshipped Trog.
Trog was exalted by your worship.
You were starving.

You visited 6 branches of the dungeon, and saw 30 of its levels.
You also visited: Bailey.

You collected 3367 gold pieces.
You spent 1483 gold pieces at shops.

Inventory:

Hand Weapons
 i - a +7 broad axe of freezing (weapon)
 x - a +6 battleaxe of flaming
 H - a +0 war axe of flaming
Armour
 a - a +2 plate armour of poison resistance (worn)
 c - a +0 pair of gloves (worn)
 g - a +2 hat of magic resistance (worn)
 J - the +2 shield of Resistance (worn) {rF+ rC+ MR+}
   (You found it on level 11 of the Dungeon)

   It protects you from fire.
   It protects you from cold.
   It affects your resistance to hostile enchantments.
 N - a scarf of resistance (worn)
 Y - a +0 pair of boots (worn)
Jewellery
 e - an uncursed ring of protection from cold
 j - a +4 ring of protection
 y - an uncursed ring of flight
 z - an uncursed ring of positive energy
 D - an amulet of regeneration (around neck)
 E - the ring of Uvvisawk (right hand) {*Drain rN+ MR+ Str+4 Int+6}
   (You found it on level 6 of the Dungeon)

   [ring of intelligence]

   It affects your strength (+4).
   It affects your intelligence (+6).
   It protects you from negative energy.
   It affects your resistance to hostile enchantments.
   It causes draining when unequipped.
 G - an uncursed ring of protection from fire
 S - a +4 ring of protection (left hand)
 U - an uncursed ring of resist corrosion
Wands
 d - a wand of paralysis (8)
 s - a wand of disintegration (34)
 t - a wand of polymorph (20)
 v - a wand of flame (20)
 T - a wand of random effects (61)
 W - a wand of iceblast (8)
Scrolls
 b - 2 scrolls of holy word
 k - 19 scrolls of remove curse
 l - 6 scrolls of teleportation
 o - a scroll of brand weapon
 p - a scroll of silence
 q - 5 scrolls of fog
 u - a scroll of summoning
 w - a scroll of fear
 A - 9 scrolls of enchant armour
 K - 5 scrolls of magic mapping
 L - 11 scrolls of identify
 M - a scroll of blinking
Potions
 m - 3 potions of cancellation
 n - 3 potions of curing
 B - 3 potions of ambrosia
 C - 2 potions of berserk rage
 F - 4 potions of stabbing
 I - 4 potions of mutation
 O - 3 potions of might
 P - 3 potions of flight
 Q - 2 potions of haste
 X - 2 potions of magic
Comestibles
 f - 35 rations


   Skills:
 * Level 22.6 Fighting
 + Level 19.0 Axes
 - Level 18.0 Armour
 + Level 8.4 Dodging
 - Level 0.6 Stealth
 + Level 14.7 Shields


You had 17 spell levels left.
You didn't know any spells.
Your spell library contained the following spells:

 Spells                   Type           Power        Failure   Level  Hunger
 Confusing Touch          Hex            #.......     99%         3    ####...
 Gell's Gravitas          Tloc           #.........   99%         3    ####...
 Petrify                  Tmut/Erth      #.......     100%        4    #####..
 Metabolic Englaciation   Hex/Ice        #.........   100%        5    ######.
 Yara's Violent Unravell  Hex/Tmut       #.........   100%        5    ######.


Dungeon Overview and Level Annotations

Branches:
Dungeon (15/15)            Temple (1/1) D:6            Lair (6/6) D:8
 Shoals (2/4) Lair:4        Snake (4/4) Lair:4        Slime (0/5) Lair:6
    Orc (2/2) D:9             Elf (0/3) Orc:2        Vaults (0/5) D:13
 Depths (0/5) D:15         Bailey (visited)

Altars:
Ashenzari
Cheibriados
Dithmenos
Elyvilon
Fedhas
Gozag
Hepliaklqana
Kikubaaqudgha
Makhleb
Nemelex Xobeh
Okawaru
Qazlal
Ru
Sif Muna
Trog
Uskayaw
Vehumet
Wu Jian
Xom
Yredelemnul
Zin
The Shining One
Beogh
Jiyva

Shops:
D:5 !   D:10 *   D:12 (   D:14 *   Orc:2 ?*[(?   Snake:1 =

Portals:
Trove: D:13 (give +5 demon blade)

Annotations:
D:11 1 runed translucent door
Shoals:1 Polyphemus


Innate Abilities, Weirdness & Mutations

You reflexively headbutt those who attack you in melee.
You have a pair of horns on your head.


Message History

* * * LOW HITPOINT WARNING * * *
You block the merfolk siren's attack.
You climb upwards.
There is a stone staircase leading down here.
Unknown command.
You are too injured to fight recklessly!
Okay, then.
A red film seems to cover your vision as you go berserk!
You feel yourself moving faster!
You feel mighty!
You are starving!
The faun no longer looks unusually strong.
You block Polyphemus's attack. Polyphemus hits you but does no damage.
You block the faun's attack.
You slash Polyphemus! You freeze Polyphemus!
Polyphemus is lightly wounded.
You slice the faun!! You freeze the faun! You slash the faun!
You freeze the faun. The faun hits you with a +0 club!
* * * LOW HITPOINT WARNING * * *
Polyphemus hits you!!
You die...

.≈≈.....≈≈≈≈≈≈≈≈≈≈≈≈≈≈≈....)..≈≈≈
≈≈≈≈≈≈≈≈≈≈≈≈≈≈≈≈≈≈≈≈≈≈≈≈≈....≈≈≈≈
≈≈)≈≈≈≈≈≈≈≈≈≈≈≈≈≈≈≈≈≈≈≈≈≈≈≈≈≈≈≈≈≈
≈≈≈≈≈≈≈≈≈≈≈≈≈≈≈≈≈≈≈≈≈≈≈≈≈≈≈≈≈≈≈≈≈
≈)()≈≈≈≈≈≈≈≈≈≈≈≈≈≈≈≈≈≈≈.≈≈≈≈≈≈≈≈≈
≈≈(..≈≈≈≈≈≈≈≈≈≈≈≈≈≈≈≈≈≈≈≈≈≈≈≈≈≈≈≈
≈≈(.....≈≈≈≈≈≈≈≈≈≈≈≈≈≈≈≈≈≈≈≈≈≈≈≈≈
≈≈(......≈≈≈≈≈.†cc..≈≈..≈≈≈≈≈≈≈≈≈
≈≈(.≈.≈≈≈≈≈≈≈≈≈C@...≈≈...≈≈≈≈≈≈≈≈
≈≈(....≈≈≈≈...#(÷÷.≈≈.....≈≈≈≈≈≈≈
≈........≈≈..##..≈≈≈≈.###..≈≈≈≈≈≈
.>.......≈.≈....≈≈≈≈≈.# #.....≈≈≈
≈..........≈≈..≈≈≈≈...###...≈≈≈≈≈
..........≈≈≈≈≈≈≈≈≈........≈≈≈≈≈≈
..........≈≈≈≈≈≈≈≈≈≈.).....≈≈≈≈≈≈
..........≈≈≈≈≈≈≈≈≈........≈≈≈≈≈≈
...≈....≈..≈≈≈≈≈≈≈....≈≈..[≈≈≈≈≈≈


You could see Polyphemus and 2 fauns.

Vanquished Creatures
  Jorgrun (Snake:1)
  Roxanne (D:15)
  Frances (D:14)
  Donald (Shoals:1)
  9 nagarajas
  An orc warlord (Orc:2)
  4 very ugly things (D:13)
  Aizul (Shoals:2)
  Azrael (Orc:2)
  A deep elf annihilator (D:12)
  4 fire dragons
  The ghost of Nouhurghy the Cleaver, a journeyman VSBe of Trog (D:14)
  9 hydras
  17 naga warriors
  A great orb of eyes (D:15)
  The ghost of TrebMcFLY the Archer, a journeyman CeHu of Okawaru (Orc:1)
  A vault guard (D:13)
  2 ice dragons (D:11)
  A catoblepas (Shoals:2)
  16 anacondas
  4 centaur warriors
  Erica (D:11)
  2 death knights
  3 death yaks
  2 tengu warriors
  3 two-headed ogres
  An orc high priest (Orc:2)
  A deep troll earth mage (D:12)
  Nergalle (D:11)
  9 shock serpents
  A deep elf knight (D:14)
  12 naga sharpshooters
  6 skeletal warriors
  2 salamander mystics
  2 unseen horrors (D:14)
  An obsidian statue (D:14)
  4 sea snakes
  12 naga ritualists
  A wizard (D:13)
  A phantasmal warrior (D:15)
  A lindwurm (Lair:6)
  2 deep elf archers (D:14)
  2 necromancers (D:13)
  14 mana vipers
  4 orc knights
  3 deep elf magi (D:14)
  18 ugly things
  7 cyclopes
  2 oklob plants
  6 manticores
  A wolf spider (D:15)
  8 fauns
  3 orc sorcerers
  16 salamanders
  A merfolk siren (Shoals:1)
  10 elephants
  2 water nymphs (Shoals:1)
  An eye of devastation (shapeshifter) (D:15)
  33 naga magi
  An ice statue (D:14)
  A gargoyle (D:14)
  A guardian serpent (Snake:3)
  37 black mambas
  7 spiny frogs
  3 kobold demonologists
  5 komodo dragons
  2 rime drakes
  3 freezing wraiths (D:15)
  6 meliai (D:15)
  9 merfolk
  10 trolls
  A queen bee (D:8)
  A wind drake (Shoals:1)
  3 snapping turtles
  13 slime creatures
  15 hippogriffs
  4 dream sheep (Shoals:1)
  13 blink frogs
  2 water elementals (Shoals:2)
  4 wyverns
  A shadow (D:14)
  Eustachio (D:4)
  4 wraiths
  48 yaks
  3 basilisks
  5 fire elementals (Orc:2)
  19 humans (D:13)
  Menkaure (D:4)
  4 hungry ghosts
  3 vampire mosquitoes
  Edmund (D:6)
  A warg (D:15)
  54 nagas
  2 hell hounds (Orc:2)
  11 porcupines
  15 water moccasins
  An acid dragon (D:14)
  A black bear (D:8)
  2 ice beasts
  37 orc warriors
  2 phantoms (D:9)
  2 eyes of draining
  14 ogres
  2 boggarts (D:14)
  6 wolves (Lair:4)
  7 centaurs
  13 crocodiles
  7 big kobolds
  18 bullfrogs
  9 gnoll sergeants
  A spectral warg (Orc:1)
  4 scorpions
  7 wights
  28 killer bees
  A spectral ogre (Orc:1)
  8 electric eels
  A howler monkey (D:9)
  A bullfrog zombie (D:6)
  2 crimson imps
  10 jellies
  10 centaur zombies
  4 hounds
  Crazy Yiuf (D:4)
  6 centaur skeletons
  7 gnoll shamans
  18 orc priests
  A bullfrog skeleton (D:13)
  5 iguanas
  24 orc wizards
  4 spectral orcs (Orc:1)
  13 worker ants
  Natasha (twice) (D:3)
  A killer bee zombie (D:10)
  25 gnolls
  22 adders
  4 shadow imps
  12 oozes
  An adder zombie (D:9)
  4 worms
  3 dart slugs
  An orc simulacrum (Orc:1)
  4 leopard geckos
  102 orcs
  16 bats
  7 giant cockroaches
  13 goblins
  9 hobgoblins
  7 jackals
  25 kobolds
  A quokka (D:3)
  2 ball pythons (D:4)
  8 frilled lizards
  A jackal skeleton (D:5)
  A leopard gecko skeleton (D:4)
  A quokka skeleton (D:4)
  7 rats
  A fungus (Lair:4)
  6 plants (Lair:5)
1154 creatures vanquished.

Vanquished Creatures (collateral kills)
  A shadow dragon (D:14)
  A naga warrior (Snake:4)
  A naga sharpshooter (Snake:4)
  2 salamander mystics (Snake:4)
  A water nymph (Shoals:2)
  A naga mage (Snake:4)
  A gargoyle (D:14)
  A freezing wraith (D:14)
  4 nagas (Snake:4)
13 creatures vanquished.

Vanquished Creatures (others)
  A boggart (D:14)
  2 gnolls (D:10)
  A kobold (D:14)
  10 fungi
  3 plants (Lair:6)
17 creatures vanquished.

Grand Total: 1184 creatures vanquished

Notes
Turn   | Place    | Note
-------+----------+-------------------------------------------
     0 | D:1      | Ozzies the Minotaur Fighter began the quest for the Orb.
     0 | D:1      | Reached XP level 1. HP: 19/19 MP: 0/0
   111 | D:1      | Reached XP level 2. HP: 24/27 MP: 1/1
   455 | D:1      | Reached XP level 3. HP: 32/33 MP: 2/2
  1210 | D:2      | Reached skill level 4 in Fighting
  1242 | D:2      | Reached XP level 4. HP: 34/40 MP: 3/3
  1452 | D:2      | Reached skill level 1 in Dodging
  1969 | D:3      | Reached XP level 5. HP: 39/46 MP: 4/4
  2301 | D:3      | Found a shadowy altar of Dithmenos.
  2382 | D:3      | Found a shimmering blue altar of Sif Muna.
  2673 | D:3      | Noticed Natasha
  2682 | D:3      | Killed Natasha
  2748 | D:3      | Reached skill level 5 in Shields
  2914 | D:3      | Noticed Natasha
  2924 | D:3      | Killed Natasha
  2924 | D:3      | Reached skill level 5 in Axes
  2924 | D:3      | Reached XP level 6. HP: 40/53 MP: 5/5
  3127 | D:4      | Noticed Eustachio
  3207 | D:3      | Reached skill level 5 in Armour
  3428 | D:4      | Killed Eustachio
  3428 | D:4      | Reached skill level 5 in Fighting
  3428 | D:4      | Reached XP level 7. HP: 46/61 MP: 6/6
  3803 | D:4      | Noticed Menkaure
  3810 | D:4      | Killed Menkaure
  3812 | D:4      | Reached skill level 6 in Fighting
  4250 | D:4      | Found a runed translucent door.
  4251 | D:4      | Noticed Crazy Yiuf
  4437 | D:4      | Killed Crazy Yiuf
  4437 | D:4      | Reached XP level 8. HP: 70/70 MP: 7/7
  4565 | D:5      | Entered Level 5 of the Dungeon
  4702 | D:5      | Found Cutzin's Distillery.
  4709 | D:5      | Bought a potion of haste for 150 gold pieces
  5183 | D:5      | Reached skill level 7 in Fighting
  5737 | D:6      | Noticed Edmund
  5750 | D:6      | Killed Edmund
  5750 | D:6      | Reached skill level 8 in Fighting
  6347 | D:6      | Found a snail-covered altar of Cheibriados.
  6361 | D:6      | Found a staircase to the Ecumenical Temple.
  6391 | D:6      | Got an ancient turquoise ring
  6801 | Temple   | Entered the Ecumenical Temple
  7053 | Temple   | Became a worshipper of Trog the Wrathful
  7289 | D:7      | Reached XP level 9. HP: 82/82 MP: 8/8
  7309 | D:7      | Reached skill level 9 in Fighting
  7571 | D:7      | Identified the ring of Uvvisawk {*Drain rN+ MR+ Str+4
                  | Int+6} (You found it on level 6 of the Dungeon)
  8279 | D:8      | Reached skill level 10 in Axes
  8285 | D:8      | Reached skill level 10 in Fighting
  8294 | D:8      | Noticed a queen bee
  8309 | D:8      | HP: 2/85 [kobold/+0 short sword (5)]
  8315 | D:8      | Killed a queen bee
  8557 | D:8      | Reached * piety under Trog
  9144 | D:8      | Found a staircase to the Lair.
  9213 | D:8      | Reached XP level 10. HP: 89/93 MP: 9/9
  9779 | D:9      | Found a staircase to the Orcish Mines.
 10070 | D:9      | Reached ** piety under Trog
 10461 | D:10     | Entered Level 10 of the Dungeon
 10493 | D:10     | Found Doraroe's General Store.
 11296 | D:10     | Reached skill level 5 in Dodging
 11631 | D:11     | Found a runed translucent door.
 11637 | D:11     | Reached XP level 11. HP: 99/99 MP: 10/10
 11835 | D:11     | Noticed Nergalle
 11874 | D:11     | Killed Nergalle
 12050 | D:11     | Noticed Erica
 12066 | D:11     | Killed Erica
 12419 | D:11     | Reached skill level 15 in Axes
 12630 | D:11     | Noticed an ice dragon
 12631 | D:11     | Found the +2 shield of Resistance {rF+ rC+ MR+}
 12631 | D:11     | Found a runed translucent door.
 12631 | D:11     | Noticed a fire dragon
 12631 | D:11     | Noticed an ice dragon
 12638 | D:11     | Noticed a fire dragon
 12638 | D:11     | Noticed a purple ugly thing
 12649 | D:11     | Killed a purple ugly thing
 13104 | Lair:1   | Entered Level 1 of the Lair of Beasts
 14470 | Lair:2   | Reached *** piety under Trog
 14587 | Lair:2   | Noticed an eight-headed hydra
 14597 | Lair:2   | Killed an eight-headed hydra
 14597 | Lair:2   | Reached skill level 11 in Fighting
 14801 | Lair:2   | Reached XP level 12. HP: 91/110 MP: 11/11
 16361 | Lair:4   | Reached skill level 12 in Fighting
 16437 | Lair:4   | Found a staircase to the Snake Pit.
 16752 | Lair:4   | Noticed a seven-headed hydra
 16759 | Lair:4   | Killed a seven-headed hydra
 16759 | Lair:4   | Reached skill level 10 in Shields
 16767 | Lair:4   | Reached skill level 10 in Armour
 16872 | Lair:4   | Found a staircase to the Shoals.
 16989 | Lair:4   | Noticed a six-headed hydra
 16995 | Lair:4   | Killed a six-headed hydra
 16995 | Lair:4   | Reached skill level 13 in Fighting
 17379 | Lair:4   | Reached **** piety under Trog
 17480 | Lair:4   | Noticed a four-headed hydra
 17490 | Lair:4   | Killed a four-headed hydra
 17922 | Lair:4   | Reached XP level 13. HP: 106/123 MP: 12/12
 18333 | Orc:1    | Entered Level 1 of the Orcish Mines
 18654 | Orc:1    | Found a flagged portal.
 18668 | Bailey   | Entered a bailey
 18786 | Bailey   | Reached ***** piety under Trog
 19186 | Orc:1    | Reached skill level 14 in Fighting
 19188 | Orc:1    | Found a roughly hewn altar of Beogh.
 19193 | Orc:1    | Found a runed translucent gate.
 19197 | Orc:1    | Found a runed translucent gate.
 19321 | Orc:1    | Found a runed translucent gate.
 19463 | Orc:1    | Noticed TrebMcFLY's ghost (journeyman CeHu)
 19528 | Orc:1    | Found a roughly hewn altar of Beogh.
 19847 | Orc:1    | Killed TrebMcFLY's ghost
 19949 | Orc:2    | Entered Level 2 of the Orcish Mines
 19957 | Orc:2    | Received a gift from Trog
 20207 | Orc:2    | Noticed Azrael
 20227 | Orc:2    | Killed Azrael
 20365 | Orc:2    | Found Nooffol's Assorted Antiques.
 20438 | Orc:2    | Found a roughly hewn altar of Beogh.
 20463 | Orc:2    | Found Woyrirr's Magic Scroll Emporium.
 20737 | Orc:2    | Found a shimmering altar of Xom.
 20738 | Orc:2    | Found a staircase to the Elven Halls.
 20845 | Orc:2    | Found a roughly hewn altar of Beogh.
 20942 | Orc:2    | Found a roughly hewn altar of Beogh.
 20948 | Orc:2    | Received a gift from Trog
 21138 | Orc:2    | Found a roughly hewn altar of Beogh.
 21139 | Orc:2    | Found Vierem's Magic Scroll Shop.
 21164 | Orc:2    | Reached skill level 15 in Fighting
 21300 | Orc:2    | Bought a scroll of acquirement for 572 gold pieces
 21300 | Orc:2    | Bought a scroll of enchant weapon for 82 gold pieces
 21328 | Orc:2    | Found a roughly hewn altar of Beogh.
 21373 | Orc:2    | Found a roughly hewn altar of Beogh.
 22203 | Orc:2    | Noticed an orc warlord
 22316 | Orc:2    | Killed an orc warlord
 22502 | Orc:2    | Found Zebeer's Antique Armour Boutique.
 22503 | Orc:2    | Found a roughly hewn altar of Beogh.
 22504 | Orc:2    | Found Onise's Antique Weapon Shop.
 22517 | Orc:2    | Bought a glowing cloak for 187 gold pieces
 23090 | Lair:5   | Received a gift from Trog
 23177 | Lair:5   | You fall into a shaft and drop 1 floor!
 23177 | Lair:6   | Entered Level 6 of the Lair of Beasts
 23188 | Lair:6   | Reached skill level 16 in Fighting
 23262 | Lair:6   | Reached XP level 14. HP: 104/137 MP: 13/13
 24083 | Lair:6   | Found a viscous altar of Jiyva.
 24086 | Lair:6   | Found a staircase to the Slime Pits.
 24825 | Lair:5   | Reached skill level 17 in Fighting
 25278 | Lair:5   | You fall into a shaft and drop 1 floor!
 25372 | Snake:1  | Entered Level 1 of the Snake Pit
 25583 | Snake:1  | Found Ikierara's Jewellery Emporium.
 25591 | Snake:1  | Bought an uncursed amulet of regeneration for 330 gold
                  | pieces
 25605 | Snake:1  | Found a sacrificial altar of Ru.
 26247 | Snake:1  | Noticed Jorgrun
 26284 | Snake:1  | Killed Jorgrun
 26284 | Snake:1  | Reached skill level 15 in Armour
 27254 | Snake:2  | Reached ****** piety under Trog
 27488 | Snake:2  | Reached XP level 15. HP: 127/147 MP: 14/14
 27888 | Snake:2  | Noticed a nagaraja
 27908 | Snake:2  | Killed a nagaraja
 28685 | Snake:3  | Noticed a nagaraja
 28709 | Snake:3  | Killed a nagaraja
 28709 | Snake:3  | Reached skill level 18 in Fighting
 29463 | Snake:3  | Noticed a nagaraja
 29495 | Snake:3  | Killed a nagaraja
 30645 | Snake:3  | Reached skill level 19 in Fighting
 30672 | Snake:3  | Received a gift from Trog
 31028 | Snake:4  | Entered Level 4 of the Snake Pit
 31175 | Snake:4  | Found a blossoming altar of Fedhas.
 31262 | Snake:4  | Reached XP level 16. HP: 160/160 MP: 15/15
 32429 | Snake:4  | Reached skill level 20 in Fighting
 33593 | Snake:4  | Got a serpentine rune of Zot
 34098 | Orc:2    | Bought a glowing war axe for 162 gold pieces
 34302 | D:11     | Received a gift from Trog
 34782 | D:12     | Reached XP level 17. HP: 172/172 MP: 16/16
 35402 | D:12     | Found Edextuge's Antique Weapon Emporium.
 35619 | D:13     | Found a transporter.
 35632 | D:13     | Reached skill level 21 in Fighting
 35668 | D:13     | Found a transporter.
 35734 | D:13     | Got a masterwork hat
 35745 | D:13     | Identified the cursed +0 hat "Qecowkoj" {Slay+3} (You found
                  | it on level 13 of the Dungeon)
 35829 | D:13     | Found a portal to a secret trove of treasure.
 35938 | D:13     | Found the +10 morningstar "Eos" {elec, Halo rElec}
 36187 | D:13     | Found a gate to the Vaults.
 36855 | D:14     | Received a gift from Trog
 37162 | D:14     | Noticed Frances
 37175 | D:14     | Killed Frances
 37176 | D:14     | Found a basalt altar of Yredelemnul.
 37386 | D:14     | Found an opulent altar of Gozag.
 37575 | D:14     | Found a runed translucent gate.
 37575 | D:14     | Found a runed translucent gate.
 37575 | D:14     | Found a runed translucent gate.
 37575 | D:14     | Found an opulent altar of Gozag.
 37575 | D:14     | Found Faickop's Assorted Antiques.
 37576 | D:14     | Noticed Nouhurghy's ghost (journeyman VSBe)
 37642 | D:14     | Killed Nouhurghy's ghost
 38134 | D:14     | Received a gift from Trog
 38137 | D:14     | Got an ancient platinum ring
 38163 | D:14     | Identified the ring of Zorin Zitube {Wiz Int+5} (You found
                  | it on level 14 of the Dungeon)
 38423 | D:15     | Entered Level 15 of the Dungeon
 38694 | D:15     | Reached skill level 22 in Fighting
 38949 | D:15     | Noticed Roxanne
 39000 | D:15     | Reached XP level 18. HP: 137/184 MP: 17/17
 39661 | D:15     | Found a staircase to the Depths.
 39764 | D:15     | Killed Roxanne
 40145 | Shoals:1 | Entered Level 1 of the Shoals
 40153 | Shoals:1 | Received a gift from Trog
 40200 | Shoals:1 | Noticed Donald
 40215 | Shoals:1 | Killed Donald
 40893 | Shoals:2 | Noticed Aizul
 40912 | Shoals:2 | Killed Aizul
 41078 | Shoals:2 | Noticed Polyphemus
 41325 | Shoals:1 | HP: 14/280 [faun/+0 club (12)]
 41325 | Shoals:1 | Slain by Polyphemus

Illustrated notes

Levels and vault maps discovered:
D:1:      minmay_arrival_three_doors, layout_loops_ring, grunt_decor_arrowhead,
          minmay_misc_feat_tower, grunt_decor_clamped
D:2:      minmay_recursive_quarters, layout_rooms, fountainhead,
          serial_park_tiny_2, minivault_26, minivault_11, grunt_ministairs_5
D:3:      layout_loops_ring, led_sif_pool, first_ration,
          nicolae_dithmenos_through_a_glass_darkly, uniq_natasha
D:4:      layout_rooms, uniq_menkaure, uniq_eustachio, uniq_crazy_yiuf_cottage
D:5:      layout_loops_ring, serial_shops, nicolae_shop_stone
D:6:      layout_basic, minmay_temple_entry_gardened_gates,
          lemuel_altar_in_water, uniq_edmund
D:7:      layout_gridville
D:8:      layout_cave_pods, lair_entry_dummy, david_nohive_1,
          minmay_chambers_of_fives
D:9:      layout_basic, orc_0_dummy
D:10:     wad_lake_hut, layout_basic, serial_shops, shop
D:11:     layout_basic, minmay_guarded_unrand_resistance, uniq_erica,
          uniq_nergalle
D:12:     minmay_mutant_horseshoe, layout_irregular_city, serial_shops, shop
D:13:     gammafunk_cloud_chamber, layout_basic, grunt_vaults_entry_tiered,
          nicolae_trove_entry_free_sample
D:14:     minmay_statue_hallways, layout_basic, old_standard_altar,
          ebering_ghost_gozag, nicolae_gozag_cash_rules_everything_around_me,
          uniq_frances
D:15:     hangedman_depths_entry_try_elsewhere_first, layout_cave_pools,
          skrybe_limestone_x, minmay_fractal_squares_5, uniq_roxanne
Temple:   nicolae_temple_the_god_donut
Lair:1:   layout_loops_ring, chequers_serial_rivers_micro_a,
          chequers_serial_rivers_micro_d
Lair:2:   layout_regular_city
Lair:3:   layout_cave_pods
Lair:4:   layout_roguey, shoals_dummy_entry, minmay_snake_entry_six_corridors,
          st_stairs_8, dpeg_oklob_1
Lair:5:   lemuel_slime, layout_gridlike, chequers_serial_rivers_micro_d,
          infiniplex_staircase_pool_2, serial_bayou_shore_b, grunt_megastairs_4,
          lemuel_fruit_fields
Lair:6:   due_jungle_book, layout_gridlike, dpeg_slime_entry_enclosed_altar,
          grunt_megastairs_1
Shoals:1: layout_shoals, uniq_donald
Shoals:2: layout_shoals, centaur_isle, uniq_polyphemus, uniq_aizul
Snake:1:  layout_chambers, serial_shops, shop_statue, basic_altar, st_stairs_3,
          uniq_jorgrun
Snake:2:  layout_chambers
Snake:3:  hangedman_cross_veins, layout_layer_cave, grunt_ministairs_2
Snake:4:  snake_pit, layout_cave_town, basic_altar
Orc:1:    layout_diamond_mine, gammafunk_ghost_necromancy, enter_bailey_3,
          basic_altar, nicolae_orc_lost_temple
Orc:2:    grunt_orc_community_town_hall, layout_caves,
          grunt_orc_community_big_house_2, grunt_orc_community_big_house_1,
          grunt_orc_community_house_1, grunt_orc_community_house_3,
          grunt_orc_community_house_3, grunt_orc_community_house_3,
          serial_shops, shop, basic_altar, nicolae_orc_pool_cavern,
          lemuel_statue_altar, uniq_azrael

Skill      XL: |  1  2  3  4  5  6  7  8  9 10 11 12 13 14 15 16 17 18 |
---------------+-------------------------------------------------------+-----
Axes           | 3 4 5 6 9 12 13 15 16 17 18 19 | 19.0
Armour         | 4 5 6 7 8 10 12 15 16 17 18 | 18.0
Shields        | 4 5 6 7 8 10 12 13 14 | 14.7
Fighting       | 4 5 6 8 10 11 13 16 17 19 20 22 | 22.6
Dodging        | 1 2 3 5 7 8 |  8.4
Stealth        | |  0.6

Action                   |  1- 3 |  4- 6 |  7- 9 | 10-12 | 13-15 | 16-18 || total
-------------------------+-------+-------+-------+-------+-------+-------++-------
Melee: War axe           |   140 |   184 |   158 |       |       |   263 ||   745
       Headbutt          |    13 |    25 |    60 |   164 |   408 |   368 ||  1038
       Flail             |       |       |   173 |   132 |       |       ||   305
       Hand axe          |       |       |       |   525 |  1510 |   729 ||  2764
       Broad axe         |       |       |       |       |       |   299 ||   299
Invok: Berserk           |       |       |       |     2 |     9 |     6 ||    17
       Brothers in Arms  |       |       |       |       |     2 |     4 ||     6
       Trog's Hand       |       |       |       |       |       |     1 ||     1
Evoke: Wand              |       |       |       |       |       |     2 ||     2
  Use: Scroll            |       |       |     3 |    18 |    15 |    16 ||    52
       Potion            |       |       |     5 |     1 |     4 |     5 ||    15
 Stab: Distracted        |       |       |       |       |       |     1 ||     1
       Petrified         |       |       |       |       |       |     7 ||     7
  Eat: Chunk             |     1 |     7 |    14 |    26 |    21 |    20 ||    89
       Ration            |       |       |     2 |     2 |     9 |     5 ||    18
Armor: Scale mail        |    88 |    95 |    22 |       |       |       ||   205
       Chain mail        |       |       |   166 |   259 |   239 |       ||   664
       Plate armour      |       |       |       |       |   252 |   496 ||   748
Dodge: Dodged            |    46 |    63 |   108 |   171 |   323 |   311 ||  1022
Block: Kite shield       |    87 |   131 |   228 |   341 |   689 |   577 ||  2053
       Tower shield      |       |       |       |       |       |   328 ||   328

Table legend:
 A = Non-vault XP
 B = Vault XP
 C = Vault XP percentage of total XP
 D = Non-vault monster count
 E = Vault monster count
 F = Vault count percentage of total count
                 A         B        C        D         E       F
            +---------+---------+-------+---------+---------+-------
      Total |  212513 |  111437 |  34.4 |     823 |     337 |  29.1
            +---------+---------+-------+---------+---------+-------
        D:1 |      69 |       0 |   0.0 |      33 |       0 |   0.0
        D:2 |      76 |      22 |  22.4 |      25 |      12 |  32.4
        D:3 |     308 |      33 |   9.7 |      40 |       1 |   2.4
        D:4 |     519 |     426 |  45.1 |      25 |       3 |  10.7
        D:5 |     512 |       0 |   0.0 |      18 |       0 |   0.0
        D:6 |     635 |     166 |  20.7 |      14 |       1 |   6.7
        D:7 |     533 |       0 |   0.0 |       9 |       0 |   0.0
        D:8 |     784 |    1596 |  67.1 |      18 |      19 |  51.4
        D:9 |    3156 |       0 |   0.0 |      37 |       0 |   0.0
       D:10 |    1426 |       0 |   0.0 |      16 |       0 |   0.0
       D:11 |    4662 |    5698 |  55.0 |      22 |       6 |  21.4
       D:12 |    6989 |    3157 |  31.1 |      29 |       4 |  12.1
       D:13 |   11501 |   13983 |  54.9 |      35 |      32 |  47.8
       D:14 |   21228 |    7176 |  25.3 |      58 |      11 |  15.9
       D:15 |   15116 |    7183 |  32.2 |      42 |      12 |  22.2
     Lair:1 |    1915 |       0 |   0.0 |      10 |       0 |   0.0
     Lair:2 |    3686 |       0 |   0.0 |      14 |       0 |   0.0
     Lair:3 |    2486 |       0 |   0.0 |      13 |       0 |   0.0
     Lair:4 |   10519 |    3183 |  23.2 |      37 |      18 |  32.7
     Lair:5 |    6085 |    1425 |  19.0 |      22 |      22 |  50.0
     Lair:6 |   10723 |    1113 |   9.4 |      32 |       6 |  15.8
   Shoals:1 |   11784 |    3732 |  24.1 |      29 |       3 |   9.4
   Shoals:2 |    4877 |    3256 |  40.0 |      13 |       3 |  18.8
    Snake:1 |   10292 |    4295 |  29.4 |      22 |       3 |  12.0
    Snake:2 |   23756 |       0 |   0.0 |      43 |       0 |   0.0
    Snake:3 |   19847 |   12617 |  38.9 |      34 |      22 |  39.3
    Snake:4 |   32278 |   30357 |  48.5 |      63 |      45 |  41.7
      Orc:1 |    3407 |    1481 |  30.3 |      31 |      12 |  27.9
      Orc:2 |    3344 |    9325 |  73.6 |      39 |      72 |  64.9
     Bailey |       0 |    1213 | 100.0 |       0 |      30 | 100.0
            +---------+---------+-------+---------+---------+-------
